Workbook
Name _ftn1: 'FORMATO COTIZACIÓN'!#REF!
Name _ftn2: 'FORMATO COTIZACIÓN'!#REF!
Name _ftn3: 'FORMATO COTIZACIÓN'!#REF!
Name _ftnref1: 'FORMATO COTIZACIÓN'!#REF!
Name _ftnref2: 'FORMATO COTIZACIÓN'!#REF!
Name _ftnref3: 'FORMATO COTIZACIÓN'!#REF!
Name Decision: [1]lista!$A$6:$A$7
Name Decision: [1]lista!$A$6:$A$7
Name Decision: [2]lista!$A$6:$A$7
Name PARTICIPACION: [1]lista!$A$15:$A$17
Name PARTICIPACION: [1]lista!$A$15:$A$17
Name PARTICIPACION: [2]lista!$A$15:$A$17
Name Procedencia: [1]lista!$A$2:$A$3
Name Procedencia: [1]lista!$A$2:$A$3
Name Procedencia: [2]lista!$A$2:$A$3
Name tipo: [1]lista!$A$11:$A$13
Name tipo: [1]lista!$A$11:$A$13
Name tipo: [2]lista!$A$11:$A$13
Name x: [3]lista!$A$11:$A$13
Name x: [3]lista!$A$11:$A$13
Name x: [4]lista!$A$11:$A$13

Sheet INFO GENERAL Y FINANCIERA
B8: Formato Información General Y Financiera De Proveedores
B10: Ciudad | R10: Fecha Dd/mm/aa | AA10: Persona Natural
AA11: Persona Jurídica
B12: 1. Información General
B13: 1.1. Identificación.
B14: Personas naturales | I14: Nombre Comercial | AF14: Cédula
B16: Personas jurídicas | I16: Razón Social | AF16: DV
B18: Dirección | AA18: Fax | AF18: Ciudad
B20: Pagina Web | AA20: Sector al que pertenece
B22: 1.2. Personas De Contacto
B23: Gerente General | P23: E-mail | AA23: Ext. | AF23: Celular
B25: Director Comercial | P25: E-mail | AA25: Ext. | AF25: Celular
B27: Asesor Comercial | P27: E-mail | AA27: Ext. | AF27: Celular
B29: 1.3. Productos Y Servicios Inscritos En El Rup De Acuerdo Con El Unspsc
B30: Incluir Listado Con Breve Descripción De Los Productos Y/o Servicios Que Ofrece La Compañía, Registrados En El Rup (agregue Las Filas Necesarias) | AF30: Código de Naciones Unidas
B36: 1.4. Códigos CIIU | AF36: 1.5. Número De Empleados
B37: Código De Actividad | I37: Descripción Actividad Económica CIIU | AA37: Tarifa ICA
B41: 2. Información Financiera
B42: Nombre Del Indicador | O42: Cuenta | W42: Valores En Pesos a Diciembre 31 De 2014 | AE42: Indicador | AI42: Veces- Porcentaje
B43: Capacidad Financiera | E43: índice De Liquidez | O43: Activo Corriente --> | AE43: =+IFERROR(W43/W44,0) -> 0 | AI43: Veces
O44: Pasivo Corriente -->
E45: Índice De Endeudamiento | O45: Pasivo Total--> | AE45: =+IFERROR(W45/W46,0) -> 0 | AI45: Porcentaje
O46: Activo Total-->
E47: Razón De Cobertura De Intereses | O47: Utilidad Operacional--> | AE47: =+IFERROR(W47/W48,0) -> 0 | AI47: Veces
O48: Gastos De Interés-->
E49: Capital de Trabajo | O49: Activo Corriente--> | AE49: =+W49-W50 -> 0 | AI49: Pesos
O50: Pasivo corriente-->
B51: Capacidad Organizacional | E51: Rentabilidad Del Patrimonio | O51: Utilidad Operacional--> | AE51: =+IFERROR(W51/W52,0) -> 0 | AI51: Porcentaje
O52: Patrimonio-->
E53: Rentabilidad Del Activo | O53: Utilidad Operacional--> | AE53: =+IFERROR(W53/W54,0) -> 0 | AI53: Porcentaje
O54: Activo Total-->
B55: Nota: Para las empresas inspeccionadas, vigiladas o controladas por la Supersociedades, la información consignada en este numeral será validada con la reportada a la Supersociedades y disponible para consulta en Internet mediante el Sistema de Información y Riesgo Empresarial de la Supersociedades (SIREM). Si se evidencian diferencias en los valores consignados en este formato y los reportados a la Supersociedades se tomará como referencia la información del SIREM.
B56: Otra información relevante de la empresa (consigne en este espacio otra información que considere de interés)

Sheet FORMATO COTIZACIÓN
B8: FORMATO DE COTIZACIÓN- FACTORES DE RIESGO PSICOSOCIAL
B9: Empresa | G9: Nit: | J9: Fecha:
B10: Contacto | G10: Cargo: | J10: Tel. celular:
B11: E-Mail: | G11: Dirección: | J11: Tel. fijo:
B13: Instrucciones para el diligenciamiento del formato de cotización
B14: • Por favor diligenciar solo las celdas en AMARILLO. • Revisar todos los requerimientos que se exponen en el documento "Ficha de Condiciones Técnicas Escenciales para la Prestación del Servicio y/o Entrega del Bien" (FCT) y Anexos; y formular su cotización en concordancia con este, garantizando que los bienes y/o servicios ofrecidos cumplan en su totalidad con las especificaciones técnicas descritas en la FCT. • Asignar precio sin incluir el IVA en las celdas de la columna "Precio unitario antes de IVA" y asignar la tarifa de IVA que corresponda en las celdas de la columna "Tarifa IVA%". • El valor de la cotización deber ser expresado en PESOS COLOMBIANOS. • Los valores unitarios deberán aproximarse por exceso o por defecto al entero más cercano. Si la cifra no está aproximada y aparece con centavos, el ICBF aproximará al entero inferior. • No modificar, agregar o quitar ningún ítem o sub-ítem.
B15: Notas: (1) Las ciudades capitales hacen referencia a ciudad capital de departamento, las ciudades intermedias hacen referencia a sedes ubicadas a 100 Km de la ciudad del departamento y las ciudades lejanas a sedes ubicadas a mas de 100 Km de la ciudad capital del departamento.
B17: PLAZO DE EJECUCIÓN: 30 DIAS, A PARTIR DE LA SUSCRIPCIÓN DEL CONTRATO HASTA EL 10 DE DICIEMBRE DE 2015
B19: Ítem | D19: Tipo de ciudad | F19: Cantidad de horas | G19: Tarifa IVA % | H19: Precio unitario por hora antes de IVA | I19: Precio unitario por hora IVA incluido | J19: Precio Total sin IVA | K19: Precio Total IVA Incluido
B20: Talleres | D20: Ciudad capital | F20: 255 | I20: =+ROUND(H20*(1+G20),0) -> 0 | J20: =+H20*F20 -> 0 | K20: =+I20*F20 -> 0
D21: Ciudad intermedia | F21: 348 | I21: =+ROUND(H21*(1+G21),0) -> 0 | J21: =+H21*F21 -> 0 | K21: =+I21*F21 -> 0
D22: Ciudad lejana | F22: 198 | I22: =+ROUND(H22*(1+G22),0) -> 0 | J22: =+H22*F22 -> 0 | K22: =+I22*F22 -> 0
B23: TOTAL | F23: =SUM(F20:F22) -> 801 | J23: =SUM(J20:J22) -> 0 | K23: =SUM(K20:K22) -> 0
B25: La presente cotización:
B26: • Incluye todos los costos y gastos directos e indirectos en que debe incurrir el contratista durante la ejecución del contrato de acuerdo con las especificaciones de la Ficha de Condiciones Técnicas, las obligaciones tributarias de acuerdo con las normas aplicables para el tipo de servicio y contrato correspondiente, y los costos de las pólizas. • Se remite como parte del estudio de mercado, previo a la contratación, y no implica ninguna obligación de contratar. • Tiene una vigencia de 90 días a partir de la fecha de diligenciamiento.
B27: Inscripción en el Registro Único de Proponentes: Las personas naturales y jurídicas, nacionales o extranjeras, con domicilio en Colombia, interesadas en participar en procesos de contratación convocados por las entidades estatales, deben estar inscritas en el RUP, salvo las excepciones previstas de forma taxativa en la ley (Artículo 2.2.1.1.1.5.1 del Drecreto 1082 de 2015). Se aclara que esta inscripción no se requiere para remitir cotización durante el estudio de mercado.

Sheet POLIZAS
B8: CONCEPTOS A TENER EN CUENTA
B11: El presente cuadro es de carácter informativo, no se debe diligenciar. Sin embargo se entiende que la cotización incluye la totalidad de los conceptos relacionados a continuación.
B13: PÓLIZAS PARA LEGALIZACIÓN DEL CONTRATO
B15: CONCEPTO | D15: COBERTURA | E15: PLAZO (En Meses)
B16: Garantía de Seriedad de la oferta | D16: 0.1 | E16: Plazo de Ejecución
B17: Cumplimiento | D17: 0.2 | E17: Plazo de ejecución + 4 meses mas
B18: Salarios, Prestaciones | D18: 0.1 | E18: Plazo de ejecución + 36 meses mas
B19: Calidad de los Servicios | D19: 0.2 | E19: Plazo de ejecución + 4 meses mas
B20: Responsabilidad civil extracontractual | D20: 0.1 | E20: Plazo de Ejecución
B21: Cobertura: Corresponde al porcentaje del valor total del contrato a amparar.

Sheet INFO EXPERIENCIA
B8: EXPERIENCIA EN CONTRATACION EN LOS ULTIMOS 5 AÑOS
B9: EXPERIENCIA EN CONTRATACIÓN EN LOS ÚLTIMOS 5 AÑOS
B11: Empresa: | C11: =IF('FORMATO COTIZACIÓN'!C9="","",'FORMATO COTIZACIÓN'!C9:F9) | F11: Nit: | G11: =IF('FORMATO COTIZACIÓN'!H9="","",'FORMATO COTIZACIÓN'!H9:I9) | I11: Fecha: | J11: =IF('FORMATO COTIZACIÓN'!K9="","",'FORMATO COTIZACIÓN'!K9)
B12: Contacto: | C12: =IF('FORMATO COTIZACIÓN'!C10="","",'FORMATO COTIZACIÓN'!C10:F10) | F12: Cargo: | G12: =IF('FORMATO COTIZACIÓN'!H10="","",'FORMATO COTIZACIÓN'!H10:I10) | I12: Tel. celular: | J12: =IF('FORMATO COTIZACIÓN'!K10="","",'FORMATO COTIZACIÓN'!K10)
B13: E-Mail: | C13: =IF('FORMATO COTIZACIÓN'!C11="","",'FORMATO COTIZACIÓN'!C11:F11) | F13: Dirección: | G13: =IF('FORMATO COTIZACIÓN'!H11="","",'FORMATO COTIZACIÓN'!H11:I11) | I13: Tel. fijo: | J13: =IF('FORMATO COTIZACIÓN'!K11="","",'FORMATO COTIZACIÓN'!K11)
B15: Con el fin de conocer la experiencia con la que cuentan las empresas del sector relacionada con el objeto del presente estudio de mercado, agradecemos diligenciar el cuadro que sigue con base en los contratos suscritos en los últimos 5 años, cuyos objetos están relacionados con el objeto del presente estudio de mercado
B17: Tipo de entidad | C17: Entidad o Empresa | D17: Numero del contrato | E17: Objeto del contrato | F17: Fecha de suscripción (dd/mmm/aa) | G17: Plazo de ejecución (en años) | H17: Forma de participación (UT, consorcio, individual) | I17: % de participación | J17: Valor total ejecutado del contrato (de acuerdo con el % de participación)
B29: Nota: Agregar las filas necesarias para reportar la experiencia
